Unix NetHack Version 5.0.0-0 post-release - last build May 31 2026 23:59:36 (970b52f25bf058293b47ddfd14a1e40e571c508c,branch:main).

Game began 2026-06-04 04:07:19, ended 2026-06-04 04:26:22.

FalseGod, neutral male gnomish Wizard

                                                        ---------
                                                       #|........#      -----
                                                       #.^......|#      |..<|
                                                        |Z@.....|#      |...|
                                                        |.......|#      |...|
                                                        |.......|#      |...|
                                                        ---------#      |...|
                                                                 #      ---.-
                                                                 #    ######
                                                                ##  ###
                                                                #---.--------
                                                                #|..........|
                                                                #|..........|
                                                                #...........|
                                                                 ------------

FalseGod the Conjurer     St:9 Dx:14 Co:16 In:16 Wi:11 Ch:8  Neutral
Dlvl:4  $:21 HP:0(30) Pw:26(30) AC:9  Xp:3 T:1336  Fainted  Deaf

Latest messages:
 There is a newt corpse here; eat it? [ynq] (n) y
 This newt corpse is gamey.
 You finish eating the newt corpse.
 You feel a mild buzz.
 D - a lamp.
 You don't have anything to eat.
 You descend the stairs.
 You descend the stairs.
 In what direction? j
 The spell hits the manes!
 You destroy the manes!
 You hear someone counting gold coins.
 Wizard needs food, badly!
 You miss the manes.
 You miss the manes.
 You hit the manes.
 You miss the manes.
 The manes hits!
 The manes hits again!
 The manes bites!
 You miss the manes.
 You miss the manes.
 You miss the manes.
 The manes hits!
 The manes hits again!
 The manes bites!
 In what direction? j
 The spell hits the manes!
 You destroy the manes!
 You see here 5 gold pieces.
 $ - 5 gold pieces (21 in total).
 A board beneath you squeaks an F sharp loudly.
 You hit the orc zombie.
 The orc zombie hits!
 You are too hungry to cast that spell.
 You miss the orc zombie.
 Really step onto that squeaky board? [yn] (n) n
 You are too hungry to cast that spell.
 You faint from lack of food.
 The orc zombie hits!
 The orc zombie hits!
 The orc zombie hits!
 The orc zombie hits!
 The orc zombie hits!
 You die...
 Do you want your possessions identified? [ynq] (y) y
 Do you want to see your attributes? [ynq] (y) y
 Do you want an account of creatures vanquished? [ynaq] (y) n
 Do you want to see your conduct and achievements? [ynq] (y) n
 Do you want to see the dungeon overview? [ynq] (y) n

Inventory:
 Coins    ('$')
  $ - 21 gold pieces
 Weapons  (')')
  y - a +0 elven dagger (weapon in right hand)
  r - a +0 orcish dagger
  a - a blessed +1 quarterstaff (alternate weapon; not wielded)
 Armor    ('[')
  v - a cursed -1 pair of levitation boots
  p - a cursed -1 pair of low boots (being worn)
  b - an uncursed +0 cloak of magic resistance (being worn)
 Scrolls  ('?')
  k - an uncursed scroll of create monster
  q - a blessed scroll of destroy armor
  j - an uncursed scroll of enchant armor
  i - an uncursed scroll of identify
  A - an uncursed scroll of scare monster
 Spellbooks  ('+')
  l - a blessed spellbook of force bolt
  m - an uncursed spellbook of remove curse
 Potions  ('!')
  t - an uncursed potion of booze
  g - an uncursed potion of invisibility
  h - an uncursed potion of oil
  f - an uncursed potion of sickness
 Rings    ('=')
  d - an uncursed ring of stealth
  e - an uncursed ring of teleportation
 Wands    ('/')
  c - a wand of light (0:12)
  s - a wand of opening (0:5)
  u - a wand of speed monster (0:5)
 Tools    ('(')
  o - an uncursed blindfold
  w - a cursed leash
  n - a magic marker (0:20)
  D - a blessed oil lamp
 Gems/Stones  ('*')
  C - a cursed worthless piece of yellow glass

FalseGod the Wizard's attributes:

Background:
 You were a Conjurer, a level 3 male gnomish Wizard.
 You were neutral, nominally on a mission for Thoth
 who was opposed by Ptah (lawful) and Anhur (chaotic).
 You were right-handed.
 You were in the Dungeons of Doom, on level 4.
 You entered the dungeon 1336 turns ago.
 It was nighttime.
 You had 46 experience points, 34 more were needed to attain level 4.

Basics:
 You had 0 out of 30 hit points.
 You had 26 out of 30 energy points (spell power).
 Your armor class was 9.
 Your wallet contained 21 zorkmids.
 Autopickup was off.

Final Characteristics:
 Your strength was 9 (base:10, limit:18/50).
 Your dexterity was 14 (limit:18).
 Your constitution was 16 (limit:18).
 Your intelligence was 16 (limit:19).
 Your wisdom was 11 (limit:18).
 Your charisma was 8 (limit:18).

Final Status:
 You were deaf.
 You were fainted due to starvation.
 You were unencumbered.
 You were wielding a dagger.
 You were unskilled in dagger.

Final Attributes:
 You were devoutly aligned.
 You were magic-protected.
 You had infravision.
 You were warded.
 You are dead.

Miscellaneous:
 You didn't encounter any bones levels.
 Total elapsed playing time was 19 minutes and 1 second.

Major events:
 Turn
    1: FalseGod the neutral male gnomish Wizard entered the dungeon
 1183: attained the rank of Conjurer (level 3)
 1336: killed by an orc zombie, while fainted from lack of food

Spells:
 Name                 Level Category     Fail Retention
 force bolt             1   attack         0%  91%-100%
 remove curse           3   clerical      99%  76%-100%

Skills:
 Fighting Skills
   bare handed combat [Unskilled]
   riding             [Unskilled]
 Weapon Skills
   dagger             [Unskilled]
   knife              [Unskilled]
   axe                [Unskilled]
   short sword        [Unskilled]
   club               [Unskilled]
   mace               [Unskilled]
   quarterstaff       [Basic]
   polearms           [Unskilled]
   spear              [Unskilled]
   trident            [Unskilled]
   sling              [Unskilled]
   dart               [Unskilled]
   shuriken           [Unskilled]
 Spellcasting Skills
   attack spells      [Basic]
   healing spells     [Unskilled]
   divination spells  [Unskilled]
   enchantment spells [Basic]
   clerical spells    [Unskilled]
   escape spells      [Unskilled]
   matter spells      [Unskilled]

Voluntary challenges:
 Character rerolling was not enabled.
 You were an atheist.
 You never genocided any monsters.
 You never polymorphed an object.
 You never changed form.
 You used no wishes.
Achievements:
 You entered a shop.
 You attained the rank of Conjurer.

 The Dungeons of Doom: levels 1 to 4
    Level 1:
       A grave.
    Level 2: "vault"
       A ring shop, some fountains, a sink.
    Level 3:
       Some sinks.
    Level 4: <- You were here.
       Final resting place for
          you, killed by an orc zombie, while fainted from lack of food.


Vanquished creatures:
  a kitten
  a coyote
  a hobbit
  2 manes
  2 gnome zombies
  2 jackals
  a fox
  2 goblins
  a sewer rat
  3 grid bugs
  a lichen
  a newt
18 creatures vanquished.

No species were genocided or became extinct.

Game over:
                       ----------
                      /          \
                     /    REST    \
                    /      IN      \
                   /     PEACE      \
                  /                  \
                  |     FalseGod     |
                  |      21 Au       |
                  | killed by an orc |
                  |      zombie      |
                  |                  |
                  |                  |
                  |       2026       |
                 *|     *  *  *      | *
        _________)/\\_//(\/(/\)/\//\/|_)_______

Goodbye FalseGod the Wizard...

You died in The Dungeons of Doom on dungeon level 4 with 353 points,
and 21 pieces of gold, after 1336 moves.
You were level 3 with a maximum of 30 hit points when you died.

